 Dungeon Crawl Stone Soup version 0.25-a0-279-g53730b6a6f (webtiles) character file.

Game seed: 1128147299124021104, levelgen mode: deterministic

1299 Gargoyl the Chopper (level 8, -1/67 HPs)
             Began as a Centaur Abyssal Knight on Dec 10, 2019.
             Was a Priest of Lugonu.
             Slain by a wight
             ... wielding a cursed +0 trident
              (7 damage)
             ... on level 6 of the Dungeon.
             The game lasted 00:08:05 (6336 turns).

Gargoyl the Chopper (Centaur Abyssal Knight)        Turns: 6336, Time: 00:08:05

Health: -1/67      AC: 11    Str: 21    XL:     8   Next: 31%
Magic:  11/11      EV:  2    Int: 11    God:    Lugonu [***...]
Gold:   138        SH: 10    Dex: 10    Spells: 7/7 levels left

rFire    . . .     SeeInvis +   q - +2 hand axe (pain)
rCold    . . .     Gourm    .   i - +3 shield
rNeg     . . .     Faith    .   g - +0 chain mail
rPois    .         Spirit   .   e - +2 helmet {SInv}
rElec    .         Reflect  .   h - +0 cloak
rCorr    .         Harm     .   (no gloves)
MR       .....                  (no barding)
Stlth    ..........             f - amulet of rage
HPRegen  0.21/turn              k - +5 ring of strength
MPRegen  0.12/turn              (no ring)

@: berserk cooldown, slowed, heavily drained
A: large, hooves 3, deformed body, speed 2, tough skin 3
a: Depart the Abyss, Bend Space, Banish, Renounce Religion, Evoke Berserk Rage


You were on level 6 of the Dungeon.
You worshipped Lugonu.
Lugonu was most pleased with you.
You were not hungry.

You visited 1 branch of the dungeon, and saw 6 of its levels.
You visited the Abyss 1 time.

You collected 318 gold pieces.
You spent 180 gold pieces at shops.

Inventory:

Hand Weapons
 a - a +1 hand axe
 q - a +2 hand axe of pain (weapon)
Missiles
 m - 5 boomerangs (quivered)
Armour
 e - a +2 helmet of see invisible (worn)
 g - a +0 chain mail (worn)
 h - a +0 cloak (worn)
 i - a +3 shield (worn)
Jewellery
 f - an amulet of rage (around neck)
 k - a +5 ring of strength (left hand)
Scrolls
 d - 3 scrolls of teleportation
 l - 2 scrolls of identify
 r - a scroll of noise {unknown}
 u - a scroll of enchant armour
Potions
 b - a potion of invisibility
 j - a potion of agility {unknown}
 n - a potion of curing
 o - 3 potions of heal wounds {unknown}
 p - a potion of degeneration {unknown}
 s - a potion of mutation {unknown}
 t - a potion of brilliance {unknown}
Comestibles
 c - 9 rations


   Skills:
 + Level 4.5(2.2) Fighting
 + Level 4.6(2.3) Axes
 + Level 0.7(0.0) Throwing
 * Level 3.9(1.6) Armour
 * Level 3.0(0.8) Dodging
 + Level 1.9(0.0) Shields
 * Level 4.6(2.3) Invocations
 + Level 0.6(0.0) Evocations


You had 7 spell levels left.
You didn't know any spells.
Your spell library was empty.

Dungeon Overview and Level Annotations

Branches:
Dungeon (6/15)
 Temple: D:4-7

Altars:
Hepliaklqana
Uskayaw
Zin
The Shining One

Shops:
D:4 *

Annotations:
Abyss:1 Grinder


Innate Abilities, Weirdness & Mutations

You have hooves in place of feet.
Armour fits poorly on your strangely shaped body.
You cover ground very quickly.
You have extremely tough skin. (AC +3)


Message History

You hit the wight. Your kick misses the wight.
The wight is severely damaged.
You block the wight's attack.
Unknown command.
You barely miss the wight.
The wight is severely damaged.
You block the wight's attack. The wight hits you but does no damage.
Unknown command.
You barely miss the wight. Your kick misses the wight.
The wight is severely damaged.
The wight hits you with a cursed +0 trident!
* * * LOW HITPOINT WARNING * * *
You feel drained.
* * * LOW HITPOINT WARNING * * *
You block the wight's attack.
Your shield and chain mail prevent you from hitting the wight.
The wight is severely damaged.
You block the wight's attack.
The wight hits you with a cursed +0 trident!
You die...

#######......+..#
##.(....##.#
..........##.#######
....................
#(.##.............#####
#.>....................
#. ###..............# #
####......_....#
#....@z.....#
+....#####.##
#....#((.#.#
#....#...#.#
####.#####)#
#.......### ##.##.....#
#.............
####..........


You could see a wight and 2 dancing weapons.

Vanquished Creatures
  Edmund (D:5)
  A water moccasin (D:3)
  A phantom (D:5)
  An orc warrior (D:5)
  A bullfrog (D:5)
  A scorpion (D:3)
  2 wights (D:6)
  A crimson imp (D:6)
  3 orc priests (D:5)
  A bullfrog zombie (D:5)
  A hound (D:6)
  2 orc wizards
  Crazy Yiuf (D:5)
  5 worker ants
  6 adders
  2 shadow imps (D:5)
  3 dart slugs (D:1)
  2 worms
  2 leopard geckos
  19 orcs
  A ball python (D:1)
  8 giant cockroaches
  7 goblins
  12 hobgoblins
  7 jackals
  6 quokkas
  9 bats
  8 frilled lizards
  5 kobolds
  5 rats
124 creatures vanquished.

Notes
Turn   | Place    | Note
-------+----------+-------------------------------------------
     0 | Abyss:1  | Gargoyl the Centaur Abyssal Knight began the quest for the
                  | Orb.
     0 | Abyss:1  | Reached XP level 1. HP: 19/19 MP: 2/2
    38 | Abyss:4  | Found a corrupted altar of Lugonu.
    41 | Abyss:4  | Noticed a thrashing horror
    76 | Abyss:4  | Found a corrupted altar of Lugonu.
    78 | Abyss:4  | Found a shimmering altar of Xom.
    78 | Abyss:4  | Found a shimmering altar of Xom.
    78 | Abyss:4  | Found a shimmering altar of Xom.
    78 | Abyss:4  | Found a shimmering altar of Xom.
    78 | Abyss:4  | Found a shimmering altar of Xom.
    78 | Abyss:4  | Found a shimmering altar of Xom.
    78 | Abyss:4  | Found a shimmering altar of Xom.
    78 | Abyss:4  | Found a corrupted altar of Lugonu.
    78 | Abyss:4  | Found a shimmering altar of Xom.
    78 | Abyss:4  | Found a shimmering altar of Xom.
    78 | Abyss:4  | Found a shimmering altar of Xom.
    78 | Abyss:4  | Found a shimmering altar of Xom.
    78 | Abyss:4  | Found a shimmering altar of Xom.
    78 | Abyss:4  | Found a shimmering altar of Xom.
    78 | Abyss:4  | Found a shimmering altar of Xom.
    79 | Abyss:4  | Found a shimmering altar of Xom.
    82 | Abyss:4  | Noticed an ancient zyme
    97 | Abyss:4  | Noticed a smoke demon
    99 | Abyss:4  | Noticed a chaos spawn
   100 | D:1      | Escaped the Abyss
   133 | D:1      | Reached * piety under Lugonu
   213 | D:1      | Reached XP level 2. HP: 19/26 MP: 3/3
   566 | D:1      | Reached skill level 1 in Dodging
   576 | D:1      | Reached XP level 3. HP: 11/31 MP: 4/4
   823 | D:1      | Found a glowing golden altar of the Shining One.
  1249 | D:2      | Reached ** piety under Lugonu
  1646 | D:2      | Found a hazy altar of Hepliaklqana.
  1667 | D:2      | Reached XP level 4. HP: 21/38 MP: 5/5
  3038 | D:3      | Reached XP level 5. HP: 13/45 MP: 7/7
  3364 | D:3      | Noticed a water moccasin
  3377 | D:3      | Killed a water moccasin
  3441 | D:3      | Reached XP level 6. HP: 50/52 MP: 8/8
  3853 | D:4      | Reached *** piety under Lugonu
  4038 | D:4      | Found Seeg's General Store.
  4061 | D:4      | Bought a scroll of enchant armour for 90 gold pieces
  4062 | D:4      | Bought a scroll of enchant armour for 90 gold pieces
  4304 | D:4      | Found a glowing silver altar of Zin.
  4542 | D:5      | Entered Level 5 of the Dungeon
  4570 | D:5      | Reached XP level 7. HP: 29/59 MP: 9/9
  4750 | D:5      | Reached skill level 1 in Shields
  4810 | D:5      | Noticed Grinder
  4818 | D:5      | Paralysed by Grinder for 4 turns
  4822 | D:5      | Banished Grinder
  5221 | D:5      | Found a runed translucent door.
  5222 | D:5      | Noticed Crazy Yiuf
  5295 | D:5      | Noticed Edmund
  5308 | D:5      | Killed Edmund
  5682 | D:5      | Reached XP level 8. HP: 67/67 MP: 11/11
  6136 | D:5      | Killed Crazy Yiuf
  6239 | D:6      | Found a hide-covered altar of Uskayaw.
  6262 | D:6      | Noticed a +0 dagger
  6263 | D:6      | Noticed a +0 dagger
  6336 | D:6      | Slain by a wight

Levels and vault maps discovered:
D:1:      saegor_arrival_miasma, layout_loops_ring, chequers_avenue, tso_altar
D:2:      layout_basic, overflow_temple_1_default, serial_bayou_ford_a
D:3:      layout_basic, serial_bayou_lake_a
D:4:      layout_cave_pools, zin_academy, serial_shops, nicolae_shop_crystal
D:5:      layout_loops_ring, first_ration, uniq_grinder,
          uniq_crazy_yiuf_cottage, uniq_edmund
D:6:      layout_basic, dancing_weapons_uskayaw, basic_altar

Skill      XL: |  1  2  3  4  5  6  7  8 |
---------------+-------------------------+-----
Axes           | 2 3 4 |  4.6
Dodging        | 1 2 3 |  3.0
Armour         | 2 3 |  3.9
Invocations    | 3 4 |  4.6
Fighting       | 4 |  4.5
Shields        | 1 |  1.9
Throwing       | |  0.7
Evocations     | |  0.6

Action                   |  1- 3 |  4- 6 |  7- 9 || total
-------------------------+-------+-------+-------++-------
Melee: Hand axe          |   123 |   244 |   119 ||   486
       Kick              |    15 |    50 |    25 ||    90
Throw: Boomerang         |       |       |     6 ||     6
Invok: Depart the Abyss  |     1 |       |       ||     1
       Banish            |       |       |     1 ||     1
 Abil: Evoke Berserk Rag |       |     1 |     4 ||     5
  Use: Scroll            |     2 |     5 |     3 ||    10
       Potion            |     1 |     1 |       ||     2
  Eat: Chunk             |     1 |     9 |     4 ||    14
       Ration            |       |       |     2 ||     2
Armor: Leather armour    |    25 |       |       ||    25
       Chain mail        |    81 |   149 |    50 ||   280
Dodge: Dodged            |    50 |    24 |    15 ||    89
Block: Shield            |     6 |    89 |    67 ||   162

Table legend:
 A = Non-vault XP
 B = Vault XP
 C = Vault XP percentage of total XP
 D = Non-vault monster count
 E = Vault monster count
 F = Vault count percentage of total count
                 A         B        C        D         E       F
            +---------+---------+-------+---------+---------+-------
      Total |    1508 |     349 |  18.8 |     122 |       3 |   2.4
            +---------+---------+-------+---------+---------+-------
        D:1 |      59 |       0 |   0.0 |      31 |       0 |   0.0
        D:2 |      81 |       0 |   0.0 |      23 |       0 |   0.0
        D:3 |     339 |       0 |   0.0 |      33 |       0 |   0.0
        D:4 |     162 |       0 |   0.0 |      13 |       0 |   0.0
        D:5 |     642 |     349 |  35.2 |      17 |       3 |  15.0
        D:6 |     225 |       0 |   0.0 |       5 |       0 |   0.0
            +---------+---------+-------+---------+---------+-------
